 Dungeon Crawl Stone Soup version 0.31-a0-1204-ge2c1a860ed (webtiles) character file.

Game seed: 16935059891115641931

2752 gr3g the Carver (level 9, 0/69 HPs)
             Began as a Demonspawn Gladiator on Dec 8, 2023.
             Was a Believer of Dithmenos.
             Succumbed to a hornet's poison
             ... on level 8 of the Dungeon on Dec 12, 2023.
             The game lasted 00:34:44 (3590 turns).

gr3g the Carver (Demonspawn Gladiator)              Turns: 3590, Time: 00:34:44

Health: 0/69       AC:  9    Str: 19    XL:     9   Next: 41%
Magic:  9/9        EV: 14    Int:  9    God:    Dithmenos [**....]
Gold:   347        SH:  0    Dex: 15    Spells: 7/8 levels left

rFire   + . .        a - +0 long sword
rCold   . . .        (no shield)
rNeg    . . .        b - +0 leather armour
rPois   .            c - +0 helmet
rElec   .            (no cloak)
rCorr   .            l - +0 pair of gloves
SInv    .            (no boots)
Will    .....        f - amulet of regeneration
Stlth   +++          k - +4 ring of protection
HPRegen 1.11/turn    h - ring of protection from fire
MPRegen 0.11/turn

%: no passive effects
@: lethally poisoned (0 -> -11), slowed, wreathed by umbra, very slow
A: powered by pain 1, spiny 2, demonic touch 1
a: Renounce Religion, Shadow Step


You were on level 8 of the Dungeon.
You worshipped Dithmenos.
Dithmenos was pleased with you.
You visited 2 branches of the dungeon, and saw 10 of its levels.

You collected 347 gold pieces.

Inventory:

Hand Weapons
 a - a +0 long sword (weapon)
 g - a +1 short sword of protection
 v - a +4 flail
 w - a +2 heavy flail
 x - a +1 dagger of holy wrath
Missiles
 d - a throwing net (quivered)
 e - a javelin
Armour
 b - a +0 leather armour (worn)
 c - a +0 helmet (worn)
 l - a +0 pair of gloves (worn)
Magical Staves
 o - a staff of conjuration
Jewellery
 f - an amulet of regeneration (around neck)
 h - a ring of protection from fire (right hand)
 k - a +4 ring of protection (left hand)
Wands
 p - a wand of iceblast (5)
Scrolls
 i - a scroll of silence {unknown}
 q - 2 scrolls of poison {unknown}
 r - a scroll of revelation {unknown}
 u - a scroll of amnesia {unknown}
 y - 2 scrolls of identify {unknown}
 z - a scroll of enchant weapon {unknown}
 C - a scroll of fog {unknown}
Potions
 j - a potion of magic {unknown}
 m - a potion of curing {unknown}
 A - a potion of haste {unknown}
 B - a potion of attraction {unknown}


   Skills:
 + Level 5.7 Fighting
 + Level 8.0 Long Blades
 + Level 1.8 Throwing
 + Level 3.7 Armour
 + Level 5.9 Dodging
 + Level 4.0 Stealth
 + Level 0.4 Evocations


You had 7 spell levels left.
You knew the following spells:

 Your Spells              Type           Power      Damage    Failure   Level
a - Sandblast             Erth           0%         2d4       43%         1

Your spell library contained the following spells:

 Spells                   Type           Power      Damage    Failure   Level
 Passwall                 Tmut/Erth      0%         N/A       56%         2
 Wereblood                Tmut           0%         N/A       56%         2
 Stone Arrow              Conj/Erth      0%         3d7       80%         3
 Tukima's Dance           Hex            0%         N/A       80%         3
 Brom's Barrelling Bould  Conj/Erth      0%         2d3       99%         4
 Dimensional Bullseye     Hex/Tloc       0%         N/A       99%         4
 Iskenderun's Mystic Bla  Conj/Tloc      0%         2d3       99%         4
 Irradiate                Conj/Tmut      0%         3d11      100%        5


Dungeon Overview and Level Annotations

Branches:
Dungeon (9/15)             Temple (1/1) D:4
   Lair: D:8-11         Orc: D:9-12

Altars:
Ashenzari
Cheibriados
Dithmenos
Gozag
Hepliaklqana
Nemelex Xobeh
Qazlal
Trog
Uskayaw
Wu Jian
Xom
Yredelemnul

Annotations:
D:3 1 runed translucent door, Crazy Yiuf
D:7 Maurice


Innate Abilities, Weirdness & Mutations

You sometimes gain a little power by taking damage.
You are mostly covered in sharp spines.
Your touch may inflict minor irresistible damage on your foes.


Message History

The kobold brigand completely misses you.
You slash the kobold brigand!
You kill the kobold brigand!
Dithmenos accepts your kill.
You feel sick.
A hornet comes into view.
Found a glowing scarf.
You feel sick.
Things that are here:
a +0 dagger; a curare-tipped dart You feel sick.
You barely miss the hornet.
The hornet buzzes angrily.
You touch the hornet!
The hornet is moderately wounded.
You feel sick.
You are no longer poisoned.
The hornet is struck by your spines. The hornet stings you!
You are poisoned.
You feel as though you will be slow longer.
The hornet is struck by your spines. The hornet stings you!
* * * LOW HITPOINT WARNING * * *
You are more poisoned.
You feel as though you will be slow longer.
You barely miss the hornet.
You touch the hornet.
The hornet is severely wounded.
You feel very sick. The hornet stings you!
* * * LOW HITPOINT WARNING * * *
You suddenly lose the ability to move!
The hornet is struck by your spines. The hornet stings you.
* * * LOW HITPOINT WARNING * * *
You are more poisoned.
You feel as though you will be slow longer.
The hornet is struck by your spines.
You kill the hornet!
Dithmenos accepts your kill.
You can move again.
Your Long Blades skill increases to level 8!
Your Stealth skill increases to level 4!
You die...

#............
#.....###......####
#?.)..##......../..
#........# #.....##
##......### #......###..
........#####.......)...
...##.......#..?...#...#
..#####..##.>........###
..........##†...@......'
..######...........#..##
#......#....#..).......
#...<.....###.........[.
#......##..##.......###.
#......###...........#
#[..........#......#..#
#......###..#########..
#......# ##.# #.


There were no monsters in sight!

Vanquished Creatures
  A hornet (D:8)
  A steam dragon (D:6)
  2 water moccasins (D:6)
  A hornet zombie (D:5)
  An ice beast (D:5)
  2 sky beasts
  3 centaurs
  2 kobold brigands
  2 phantoms (D:5)
  A gnoll sergeant (D:8)
  2 scorpions
  A bullfrog (D:9)
  2 water moccasin zombies (D:5)
  A wyvern skeleton (D:5)
  4 killer bees (D:8)
  2 bullfrog zombies (D:5)
  A jelly (D:8)
  A gnoll bouda (D:4)
  A bullfrog skeleton (D:5)
  An orc priest (D:5)
  5 hounds
  A sleepcap (D:4)
  Ijyb (D:3)
  3 orc wizards (D:7)
  A killer bee zombie (D:5)
  12 gnolls
  5 adders
  2 ufetubi (D:6)
  A worm (D:2)
  2 dart slugs (D:1)
  7 orcs
  10 ball pythons
  5 endoplasms
  2 giant cockroaches
  8 goblins
  9 hobgoblins
  3 jackals (D:1)
  12 kobolds
  3 quokkas
  4 bats
  4 frilled lizards
  3 rats
135 creatures vanquished.

Notes
Turn   | Place    | Note
-------+----------+-------------------------------------------
     0 | D:1      | gr3g the Demonspawn Gladiator began the quest for the Orb.
     0 | D:1      | Reached XP level 1. HP: 16/16 MP: 1/1
    20 | D:1      | Reached skill level 3 in Long Blades
   119 | D:1      | Gained mutation: You are partially covered in sharp spines.
                  | [demonic ancestry]
   119 | D:1      | Reached XP level 2. HP: 12/22 MP: 2/2
   697 | D:2      | Reached XP level 3. HP: 27/27 MP: 3/3
  1242 | D:3      | Upgraded the game from 0.31-a0-1074-g0b22e4e0f1 to
                  | 0.31-a0-1178-gc5c9b8f871
  1274 | D:3      | Found a shadowy altar of Dithmenos.
  1277 | D:3      | Found an ornate altar of the Wu Jian Council.
  1290 | D:3      | Became a worshipper of Dithmenos the Shadowed
  1389 | D:3      | Found a stormy altar of Qazlal.
  1389 | D:3      | Noticed a sky beast
  1406 | D:3      | Killed a sky beast
  1407 | D:3      | Reached skill level 4 in Long Blades
  1407 | D:3      | Reached skill level 1 in Armour
  1407 | D:3      | Gained mutation: Your touch may inflict minor irresistible
                  | damage on your foes. [demonic ancestry]
  1407 | D:3      | Reached XP level 4. HP: 26/33 MP: 4/4
  1407 | D:3      | Reached XP level 5. HP: 30/38 MP: 5/5
  1429 | D:3      | Noticed Ijyb
  1439 | D:3      | Killed Ijyb
  1440 | D:3      | Reached skill level 1 in Stealth
  1473 | D:3      | Found a runed translucent door.
  1474 | D:3      | Noticed Crazy Yiuf
  1826 | D:4      | Reached * piety under Dithmenos
  1860 | D:4      | Found a staircase to the Ecumenical Temple.
  1866 | D:4      | Gained mutation: You sometimes gain a little power by
                  | taking damage. [demonic ancestry]
  1866 | D:4      | Reached XP level 6. HP: 46/46 MP: 6/6
  1873 | Temple   | Entered the Ecumenical Temple
  2309 | D:5      | Entered Level 5 of the Dungeon
  2318 | D:5      | Noticed an ice beast
  2335 | D:5      | Killed an ice beast
  2336 | D:5      | Reached skill level 5 in Long Blades
  2374 | D:5      | Found a snail-covered altar of Cheibriados.
  2374 | D:5      | Found a bloodstained altar of Trog.
  2530 | D:5      | Reached XP level 7. HP: 52/52 MP: 7/7
  2706 | D:5      | Reached skill level 6 in Long Blades
  2941 | D:5      | Gained mutation: You are mostly covered in sharp spines.
                  | [demonic ancestry]
  2941 | D:5      | Reached XP level 8. HP: 51/60 MP: 8/8
  3036 | D:6      | Reached skill level 7 in Long Blades
  3126 | D:6      | Reached ** piety under Dithmenos
  3178 | D:6      | Reached skill level 5 in Fighting
  3230 | D:6      | Reached skill level 5 in Dodging
  3295 | D:6      | Learned a level 1 spell: Sandblast
  3421 | D:7      | Noticed Maurice
  3427 | D:7      | Maurice stole a staff of cold
  3430 | D:7      | Maurice stole an amulet of guardian spirit
  3432 | D:7      | Maurice stole 3 throwing nets
  3433 | D:7      | Maurice stole a beast talisman
  3438 | D:7      | Reached XP level 9. HP: 6/63 MP: 5/9
  3439 | D:7      | Upgraded the game from 0.31-a0-1178-gc5c9b8f871 to
                  | 0.31-a0-1204-ge2c1a860ed
  3440 | D:7      | HP: 3/63 [poisoned by a scorpion]
  3445 | D:7      | HP: 3/63 [poisoned by a scorpion]
  3589 | D:8      | Paralysed by a hornet for 1 turns
  3590 | D:8      | Reached skill level 8 in Long Blades
  3590 | D:8      | Succumbed to a hornet's poison

Illustrated notes

Levels and vault maps discovered:
D:1:      ncdulo_watergridlock, layout_basic
D:2:      layout_loops_ring
D:3:      layout_rooms, nicolae_overflow_squiral,
          nicolae_qazlal_beasts_of_the_sky, uniq_ijyb, uniq_crazy_yiuf_cottage
D:4:      layout_cave_pools, minmay_temple_entry_large_hall,
          minmay_misc_feat_doors
D:5:      layout_gridville, mainiacjoe_overflow_boulevard,
          gammafunk_temple_overflow_elements, general_overflow_altar,
          serial_undead, serial_undead_a, serial_undead_c, serial_undead_d,
          serial_undead_d
D:6:      layout_rooms, supply_closet_lemuel
D:7:      layout_rooms, fedhas_altar_fruit_tree, uniq_maurice, uniq_menkaure
D:8:      layout_rooms, palyth_temple_overflow_mages, ebering_ghost_xom,
          kennysheep_small_circle
D:9:      layout_roguey, kennysheep_mini, uniq_erolcha
Temple:   hellmonk_temple_two_chambers

Skill      XL: |  1  2  3  4  5  6  7  8  9 |
---------------+----------------------------+-----
Long Blades    | 3 4 5 6 7 8 |  8.0
Dodging        | 3 4 5 |  5.9
Armour         | 1 2 3 |  3.7
Stealth        | 1 2 3 4 |  4.0
Fighting       | 3 4 5 |  5.7
Throwing       | |  1.8
Evocations     | |  0.4

Action                     |  1- 3 |  4- 6 |  7- 9 || total
---------------------------+-------+-------+-------++-------
  Melee: Long sword        |    91 |    79 |   124 ||   294
         Touch             |       |    13 |    27 ||    40
         Punch             |       |     1 |     2 ||     3
  Evoke: Wand              |       |       |     3 ||     3
    Use: Potion            |       |       |     2 ||     2
   Stab: Sleeping          |     3 |     2 |     5 ||    10
 Armour: Leather armour    |    53 |    62 |   140 ||   255
  Dodge: Dodged            |    47 |    70 |   177 ||   294

Table legend: (Time is in decaauts)
 A = Elapsed time spent in this place.
 B = Non-inter-level travel time spent in this place.
 C = Inter-level travel time spent in this place.
 D = Time resting spent in this place.
 E = Time spent auto-exploring this place.
 F = Levels seen in this place.
 G = Mean time per level.
                   A        B        C        D        E       F      G
               +--------+--------+--------+--------+--------+-----+--------+
         Total |   3635 |    879 |   2756 |      0 |      0 |  10 |  363.5 |
       Dungeon |   3580 |    869 |   2711 |      0 |      0 |   9 |  397.8 |
        Temple |     54 |      9 |     45 |      0 |      0 |   1 |   54.0 |
               +--------+--------+--------+--------+--------+-----+--------+

Top non-repeatable levels by time:
     D:5: 698 daAuts
     D:1: 661 daAuts
     D:3: 560 daAuts
     D:2: 557 daAuts
     D:4: 505 daAuts
     D:6: 395 daAuts
     D:8: 97 daAuts
  Temple: 54 daAuts
     D:7: 53 daAuts
     D:9: 50 daAuts
